 Dungeon Crawl Stone Soup version 0.29.0-4-gdea44cf6ec (webtiles) character file.

Game seed: 7957635921937543043

58 qw the Chopper (level 4, -2/28 HPs)
             Began as a Gargoyle Fighter on Sept 9, 2022.
             Was an Initiate of Okawaru.
             Slain by an iguana (9 damage)
             ... on level 2 of the Dungeon.
             The game lasted 00:00:41 (1919 turns).

qw the Chopper (Gargoyle Fighter)                   Turns: 1919, Time: 00:00:42

Health: -2/28      AC: 11    Str: 22    XL:     4   Next: 2%
Magic:  4/4        EV:  9    Int:  8    God:    Okawaru [......]
Gold:   94         SH:  4    Dex:  9    Spells: 3/3 levels left

rFire   . . .      SeeInvis .   Y - +0 war axe
rCold   . . .      Faith    .   c - +0 buckler
rNeg    + . .      Spirit   .   b - +0 scale mail
rPois   inf        Reflect  .   (no helmet)
rElec   +          Harm     .   f - +0 cloak
rCorr   .          Rampage  .   (no gloves)
Will    .....                   (no boots)
Stlth   ..........              h - amulet of the acrobat
HPRegen 0.09/turn               (no ring)
MPRegen 0.09/turn               (no ring)

@: no status effects
A: sickness immunity, AC +3, negative energy resistance 1, electricity
resistance, torment resistance 1, petrification resistance
a: Renounce Religion


You were on level 2 of the Dungeon.
You worshipped Okawaru.
Okawaru was noncommittal.
You visited 1 branch of the dungeon, and saw 2 of its levels.

You collected 94 gold pieces.


Innate Abilities, Weirdness & Mutations

You are immune to sickness and miasma.
Your stone body is resilient. (AC +3)
You are immune to poison.
You resist negative energy. (rN+)
You are resistant to electric shocks. (rElec)
You are resistant to unholy torment.
You are immune to petrification.


   Skills:
 - Level 3.2 Fighting
 + Level 3.8 Axes
 - Level 3.2 Armour
 - Level 3.2 Shields


You had 3 spell levels left.
You didn't know any spells.
Your spell library was empty.

Inventory:

Hand Weapons
 i - a +2 antimagic whip
 Y - a +0 war axe (weapon)
Armour
 b - a +0 scale mail (worn)
 c - a +0 buckler (worn)
 f - a +0 cloak (worn)
 j - a +0 pair of gloves
Jewellery
 e - an amulet of magic regeneration
 h - an amulet of the acrobat (around neck)
Potions
 a - a potion of degeneration {unknown}
 d - a potion of might
 g - 2 potions of curing
 k - a potion of flight {unknown}

Dungeon Overview and Level Annotations

Branches:
Dungeon (2/15)

Altars:
Okawaru

Shops:
D:1 *


Message History

The iguana hisses angrily.
You completely miss the iguana. The iguana barely misses you.
You closely miss the iguana. The iguana bites you.
The iguana closely misses you.
You hit the iguana.
The iguana is lightly wounded.
The iguana bites you but does no damage.
You completely miss the iguana.
The iguana is lightly wounded.
The iguana misses you.
You closely miss the iguana.
The iguana is lightly wounded.
The iguana bites you!
You closely miss the iguana.
The iguana is lightly wounded.
The iguana bites you but does no damage. x2
You barely miss the iguana.
The iguana is lightly wounded.
The iguana barely misses you.
You closely miss the iguana.
The iguana is lightly wounded.
The iguana bites you.
You slash the iguana!
The iguana is severely wounded.
The iguana bites you but does no damage.
The iguana bites you.
You barely miss the iguana.
The iguana is severely wounded.
The iguana barely misses you.
You hit the iguana.
The iguana is almost dead.
The iguana closely misses you.
You closely miss the iguana.
The iguana is almost dead.
The iguana bites you but does no damage. x2
You hit the iguana but do no damage.
The iguana is severely wounded.
The iguana bites you!
You die...

#.........##
#.......####.. ..
#....#### #..# ##.
#.#### ##..# !. #...###
#...#... # #.....##
#...#.. .#
#......###..... ..#
#.###.[##...l# #..# #.#
#...#...@# ###...#
#..##...#....####.....#
#.......%.............#
###########.###########
#..# ##... ##.# .# .


You could see an iguana.

Vanquished Creatures
  2 adders (D:2)
  3 dart slugs
  An endoplasm (D:2)
  A giant cockroach (D:2)
  6 goblins
  A hobgoblin (D:2)
  A jackal (D:2)
  A ball python (D:2)
  7 bats
  6 frilled lizards
  4 kobolds
  5 rats
38 creatures vanquished.

Notes
Turn   | Place    | Note
-------+----------+-------------------------------------------
     0 | D:1      | qw the Gargoyle Fighter began the quest for the Orb.
     0 | D:1      | Reached XP level 1. HP: 14/14 MP: 1/1
     0 | D:1      | 0 ||| qw: Version: 0.1-a-113-g051387a
     0 | D:1      | 0 ||| qw: Game counter: 7200
     0 | D:1      | 0 ||| qw: Always use a shield: true
     0 | D:1      | 0 ||| qw: God list: Okawaru
     0 | D:1      | 0 ||| qw: Allow faded altars: false
     0 | D:1      | 0 ||| qw: Do Orc after D:15 true
     0 | D:1      | 0 ||| qw: Do second Lair branch before Depths: true
     0 | D:1      | 0 ||| qw: Lair rune preference: random
     0 | D:1      | 0 ||| qw: Plans: Normal, Zot, God:TSO, Crypt, Tomb, Zig,
                  | Orb
     0 | D:1      | 0 ||| PLANNING D:1-11
    68 | D:1      | Found Yfiygh's General Store.
    85 | D:1      | 85 ||| SHOPLISTING potion of cancellation (80 gold, have
                  | 16).
    85 | D:1      | 85 ||| SHOPLISTING ring of protection from cold (250 gold,
                  | have 16).
    85 | D:1      | 85 ||| SHOPLISTING scroll of enchant armour (75 gold, have
                  | 16).
    85 | D:1      | 85 ||| SHOPLISTING scroll of identify (20 gold, have 16).
    85 | D:1      | 85 ||| SHOPLISTING scroll of teleportation (30 gold, have
                  | 16).
   244 | D:1      | Reached XP level 2. HP: 19/19 MP: 2/2
   250 | D:1      | Found a faded altar of an unknown god.
   702 | D:1      | 702 ||| Stepping ~*~*~tactically~*~*~ (hiding).
  1144 | D:1      | 1144 ||| UPGRADING to +0 cloak.
  1149 | D:1      | 1149 ||| UPGRADING to amulet of the acrobat.
  1154 | D:1      | 1154 ||| READING scroll labelled SIUVVYS AVVYNUNG.
  1255 | D:1      | 1255 ||| READING scroll labelled WUSOTOSALOO.
  1256 | D:1      | 1256 ||| DRINKING 2 dark potions.
  1288 | D:2      | Reached skill level 3 in Axes
  1333 | D:2      | Found an iron altar of Okawaru.
  1341 | D:2      | Became a worshipper of Warmaster Okawaru
  1353 | D:2      | 1353 ||| Stepping ~*~*~tactically~*~*~ (stealth).
  1356 | D:2      | 1356 ||| Stepping ~*~*~tactically~*~*~ (stealth).
  1357 | D:2      | 1357 ||| Stepping ~*~*~tactically~*~*~ (stealth).
  1455 | D:2      | Reached XP level 3. HP: 23/23 MP: 3/3
  1457 | D:2      | 1457 ||| DROPPING +0 club.
  1539 | D:2      | 1539 ||| Stepping ~*~*~tactically~*~*~ (stealth).
  1541 | D:2      | 1541 ||| Stepping ~*~*~tactically~*~*~ (stealth).
  1587 | D:2      | 1587 ||| Stepping ~*~*~tactically~*~*~ (stealth).
  1588 | D:2      | 1588 ||| Stepping ~*~*~tactically~*~*~ (stealth).
  1709 | D:2      | 1709 ||| Stepping ~*~*~tactically~*~*~ (stealth).
  1710 | D:2      | 1710 ||| Stepping ~*~*~tactically~*~*~ (stealth).
  1714 | D:2      | 1714 ||| Stepping ~*~*~tactically~*~*~ (hiding).
  1716 | D:2      | 1716 ||| Stepping ~*~*~tactically~*~*~ (hiding).
  1851 | D:2      | 1851 ||| Stepping ~*~*~tactically~*~*~ (stealth).
  1854 | D:2      | 1854 ||| Stepping ~*~*~tactically~*~*~ (stealth).
  1866 | D:2      | 1866 ||| Stepping ~*~*~tactically~*~*~ (stealth).
  1882 | D:2      | Reached XP level 4. HP: 28/28 MP: 4/4
  1915 | D:2      | HP: 7/28 [iguana (6)]
  1919 | D:2      | Slain by an iguana

Levels and vault maps discovered:
D:1:      mrwooster_arrival_statue_2, layout_basic,
          nicolae_ecumenical_lake_church, serial_shops, shop
D:2:      minmay_recursive_quarters, layout_loops_corners, basic_altar,
          minmay_diced_spiral

Skill      XL: |  1  2 |
---------------+-------+-----
Axes           | 2 3 |  3.8
Fighting       | |  3.2
Armour         | |  3.2
Shields        | |  3.2

Action                   |  1- 3 |  4- 6 || total
-------------------------+-------+-------++-------
Melee: War axe           |    97 |    14 ||   111
  Use: Scroll            |     2 |       ||     2
       Potion            |     1 |       ||     1
Armor: Scale mail        |    43 |     6 ||    49
Dodge: Dodged            |    43 |     6 ||    49
Block: Buckler           |    17 |       ||    17

Table legend:
 A = Non-vault XP
 B = Vault XP
 C = Vault XP percentage of total XP
 D = Non-vault monster count
 E = Vault monster count
 F = Vault count percentage of total count
                 A         B        C        D         E       F
            +---------+---------+-------+---------+---------+-------
      Total |      41 |      43 |  51.2 |      27 |      11 |  28.9
            +---------+---------+-------+---------+---------+-------
        D:1 |      29 |       0 |   0.0 |      18 |       0 |   0.0
        D:2 |      12 |      43 |  78.2 |       9 |      11 |  55.0
            +---------+---------+-------+---------+---------+-------
